Cogmind - Beta 9.3 @@@ ROGUE MODE // 2019.12.28 @ 13:16:40 Player: 3.14 Result: Self-destructed Performance ------------- Evolutions (3) 1500 Regions Visited (12) 2400 Robots Destroyed (83) 415 Value Destroyed (2118) 2118 Prototype IDs (14) 280 Alien Tech Used (0) 0 Bonus (234) 234 TOTAL SCORE: 6947 Bonus ------- High Alert Combat Kills 19 Follower Combat Kills 70 Met Data Miner 300 Friendly Fire -155 Cogmind --------- Core Integrity 583/700 Matter 300/300 Energy 160/160 System Corruption 6% Temperature Cool (12) Movement Walking (160) Ox1 Location -6/Proximity Caves Parts ------- > --- POWER (2) -------- Light Nuclear Core > --- PROPULSION (3) --- Titanium Leg Improved Carbon-fiber Leg Makeshift Leg > --- UTILITY (6) ------ Improved Heat Sink High-capacity Storage Unit High-capacity Storage Unit High-capacity Storage Unit Advanced Targeting Computer Improved Utility Shielding > --- WEAPON (2) ------- Ion Cannon > --- INVENTORY (28) --- Carbon-fiber Leg Carbon-fiber Leg Titanium Leg Titanium Leg Titanium Leg Improved Heat Sink Advanced Signal Interpreter Advanced Targeting Computer Advanced Targeting Computer Armor Integrity Analyzer Improved Weapon Shielding Heavy Armor Plating Improved Medium Armor Plating Insulated Plating System Shield Heavy Particle Cannon Heavy Particle Cannon Heavy Particle Cannon Heavy Particle Cannon Heavy Particle Cannon Ion Cannon Flak Gun Flak Gun Heavy Rocket Launcher Heavy Rocket Launcher Flamer Great Axe Peak State ------------ > --- POWER ------------ Light Nuclear Core Micro Nuclear Core > --- PROPULSION ------- Carbon-fiber Leg Carbon-fiber Leg Improved Carbon-fiber Leg > --- UTILITY ---------- Improved Heat Sink High-capacity Storage Unit High-capacity Storage Unit High-capacity Storage Unit Advanced Targeting Computer Medium Reactive Plating > --- WEAPON ----------- EM Pulse Cannon Great Axe > --- INVENTORY -------- Cooled Ion Engine Carbon-fiber Leg Titanium Leg Titanium Leg Titanium Leg Titanium Leg Improved Heat Sink Advanced Signal Interpreter Advanced Targeting Computer Advanced Targeting Computer Improved Utility Shielding Improved Weapon Shielding Heavy Armor Plating Shock Rifle Heavy Particle Cannon Heavy Particle Cannon Heavy Particle Cannon Heavy Particle Cannon Heavy Particle Cannon Heavy Particle Cannon Ion Cannon Flak Gun Flak Gun Flak Gun Flak Gun Heavy Rocket Launcher Heavy Rocket Launcher [Rating: 46] Favorites ----------- Power Light Nuclear Core Engine Cooled Ion Engine Power Core Light Nuclear Core Propulsion Carbon-fiber Leg Leg Carbon-fiber Leg Utility High-capacity Storage Unit Device Improved Heat Sink Storage High-capacity Storage Unit Processor Advanced Targeting Computer Protection Core Shielding Weapon Improved Light Cannon Energy Gun Shock Rifle Energy Cannon Heavy Particle Cannon Ballistic Gun Improved Assault Rifle Ballistic Cannon Improved Light Cannon Launcher EMP Blaster Special Weapon Flamer Slashing Weapon Katana Build | -11 -10 -10 -9 -9 -9 -8 -8 -7 -7 -7 -7 -6 ------- Run | Scr Mat Min Mat Min Exi Min Mat Fac Low Low Dat Pro Slots Evolved 6 | . . . 2 . . . 2 2 . . . . Power 1 | . . . . . . . . 1 . . . . Propulsion 1 | . . . . . . . 1 . . . . . Utility 4 | . . . 2 . . . 1 1 . . . . Weapon . | . . . . . . . . . . . . . Parts Attached 93 | 6 . 3 26 3 1 2 15 18 6 10 . 3 Power 11 | 1 . 1 5 . . . . 3 . 1 . . Engine 7 | 1 . 1 5 . . . . . . . . . Core 4 | . . . . . . . . 3 . 1 . . Reactor . | . . . . . . . . . . . . . Propulsion 16 | 2 . 1 4 . . . 4 1 2 2 . . Treads . | . . . . . . . . . . . . . Leg 16 | 2 . 1 4 . . . 4 1 2 2 . . Wheel . | . . . . . . . . . . . . . Hover . | . . . . . . . . . . . . . Flight . | . . . . . . . . . . . . . Utility 22 | 1 . . 6 1 1 1 2 6 1 3 . . Device 7 | . . . 3 1 . 1 . 1 . 1 . . Storage 6 | 1 . . 2 . 1 . 1 1 . . . . Processor 2 | . . . . . . . . 2 . . . . Hackware . | . . . . . . . . . . . . . Protection 7 | . . . 1 . . . 1 2 1 2 . . Artifact . | . . . . . . . . . . . . . Weapon 44 | 2 . 1 11 2 . 1 9 8 3 4 . 3 Energy Gun 6 | . . . 1 . . . 2 2 1 . . . Energy Cannon 12 | . . . . . . . 3 2 1 3 . 3 Ballistic Gun 7 | 2 . 1 2 . . . 2 . . . . . Ballistic Cannon 9 | . . . 6 1 . 1 1 . . . . . Launcher 4 | . . . 2 . . . 1 . 1 . . . Special Weapon 1 | . . . . . . . . . . 1 . . Impact Weapon . | . . . . . . . . . . . . . Slashing Weapon 5 | . . . . 1 . . . 4 . . . . Piercing Weapon . | . . . . . . . . . . . . . Special Melee Weapon . | . . . . . . . . . . . . . Unidentified Prototypes 4 | . . . 2 . . . 2 . . . . . Parts Lost 14 | . . 1 4 . . . . . 2 5 . 2 Power 3 | . . 1 . . . . . . . 1 . 1 Propulsion 3 | . . . 1 . . . . . 1 1 . . Utility 3 | . . . 2 . . . . . . 1 . . Weapon 5 | . . . 1 . . . . . 1 2 . 1 Highest Loss Streak 5 | . . 1 2 . . . . . 1 5 . 2 Average Slot Usage (%) 96 | . 85 83 89 100 100 100 99 99 99 99 84 100 Engine 6 | . 14 12 10 11 11 11 9 2 . . . . Core 5 | . . . . . . . . 12 15 14 15 15 Leg 23 | . 28 28 21 22 22 22 27 23 22 22 23 23 Device 8 | . . . 14 11 11 11 9 7 7 7 7 7 Storage 22 | . 14 14 19 22 22 22 26 23 23 23 23 23 Processor 3 | . . . . . . . . 7 7 7 7 7 Protection 6 | . . . . 11 11 11 9 6 6 6 7 7 Energy Gun 1 | . . . 2 . . . . 2 7 . . . Energy Cannon 4 | . . . . . . . 6 8 6 14 . 15 Ballistic Gun 5 | . 28 28 3 12 11 11 5 . . . . . Ballistic Cannon 4 | . . . 15 6 . 11 6 . . . . . Slashing Weapon 2 | . . . . 3 11 . . 3 . . . . Naked Turns . | . . . . . . . . . . . . . Heaviest Build 138 | 11 11 12 68 65 79 81 121 138 138 121 121 121 Greatest Support 55 | 20 20 20 32 32 32 32 45 48 48 55 55 55 Greatest Overweight (x) 3 | . . . 2 2 2 2 3 3 2 2 2 2 Average Overweight (x) 1 | . . . 1 1 1 2 2 2 2 2 1 2 Largest Inventory Capacity 28 | 6 6 6 20 18 20 20 28 28 28 28 28 28 Average Capacity 21 | 5 6 6 14 18 19 20 27 28 28 28 28 28 Most Carried 28 | 4 5 6 18 18 20 20 28 28 28 27 28 28 Average Carried 20 | 2 4 5 12 17 18 19 25 27 27 23 27 26 Final Capacity 28 | 6 6 6 18 18 20 20 28 28 28 28 28 28 Final Carried 28 | 4 5 6 17 18 19 19 28 28 27 26 28 28 Class Distribution -------------------- 60% | Hauler-Mutant 39% | Mutant Dominant Class ---------------- Mutant | -10/Materials Mutant | -10/Mines Mutant | -9/Materials Mutant | -9/Mines Hauler-Mutant | -9/Exiles Hauler-Mutant | -8/Mines Hauler-Mutant | -8/Materials Hauler-Mutant | -7/Factory Hauler-Mutant | -7/Lower Caves Hauler-Mutant | -7/Lower Caves Hauler-Mutant | -7/Data Miner Hauler-Mutant | -6/Proximity Caves Resources | -11 -10 -10 -9 -9 -9 -8 -8 -7 -7 -7 -7 -6 ----------- Run | Scr Mat Min Mat Min Exi Min Mat Fac Low Low Dat Pro Matter Collected 1853 | 267 . 180 573 138 . 58 169 201 151 86 . 30 Remotely . | . . . . . . . . . . . . . Salvage Created 2685 | 56 . 243 668 113 . 165 495 434 329 159 . 23 Parts 153 | 2 . 13 57 12 . 5 29 20 11 2 . 2 Haulers Intercepted 5 | . . . 3 . . . . 2 . . . . Recyclers Shooed 2 | 1 . 1 . . . . . . . . . . Parts Field Recycled . | . . . . . . . . . . . . . Retrieved Matter . | . . . . . . . . . . . . . Parts Self-Destructed 12 | . . . . . . . . . 10 2 . . Prevented . | . . . . . . . . . . . . . Kills | -11 -10 -10 -9 -9 -9 -8 -8 -7 -7 -7 -7 -6 ------- Run | Scr Mat Min Mat Min Exi Min Mat Fac Low Low Dat Pro Combat Hostiles Destroyed 65 | . . 7 20 5 . 3 11 5 10 3 . 1 Melee 2 | . . . . . . . . 2 . . . . Guns 22 | . . 7 6 3 . 2 . 1 1 2 . . Cannons 23 | . . . 6 2 . 1 9 1 2 1 . 1 AOE 16 | . . . 8 . . . 2 . 6 . . . Classes Destroyed 15 | 1 . 2 6 1 . . . 4 1 . . . Worker 1 | . . . 1 . . . . . . . . . Builder 1 | . . . 1 . . . . . . . . . Tunneler 1 | . . . . 1 . . . . . . . . Hauler 5 | . . . 3 . . . . 2 . . . . Recycler 4 | 1 . 1 . . . . 2 . . . . . Mechanic 1 | . . . . . . . . 1 . . . . Operator 1 | . . . . . . . . 1 . . . . Watcher 3 | . . . 3 . . . . . . . . . Swarmer 30 | . . 5 12 3 . . 6 . 3 . . 1 Grunt 25 | . . 2 3 2 . 3 4 2 6 3 . . Brawler 1 | . . . . . . . . . 1 . . . Duelist 2 | . . . 1 . . 1 . . . . . . Sentry 5 | . . . 4 . . . 1 . . . . . Hunter 2 | . . . . . . . . 2 . . . . Programmer 1 | . . . . . . . . 1 . . . . Best Kill Streak 6 | 1 . 5 6 4 . 3 4 4 4 3 . 1 Combat Bots Only 5 | . . 4 5 3 . 3 4 3 4 3 . 1 Max Kills in Single Turn 3 | 1 . 2 3 2 . 2 3 1 3 1 . 1 Gunslinging 1 | . . 1 1 . . . . . . . . . Exploded 3 | . . . 3 . . . 2 . 3 . . . Melee 1 | . . . . . . . . 1 . . . . Uniques/NPCs Destroyed . | . . . . . . . . . . . . . Combat | -11 -10 -10 -9 -9 -9 -8 -8 -7 -7 -7 -7 -6 -------- Run | Scr Mat Min Mat Min Exi Min Mat Fac Low Low Dat Pro Damage Taken 3144 | . . 360 820 153 . 61 435 269 409 492 . 145 Core 362 | . . 63 137 6 . 27 12 49 18 50 . . Absorbed by Shields . | . . . . . . . . . . . . . Core Remaining (%) 82 | 100 . 74 . . . 57 97 . . . . . Volleys Fired 176 | 4 . 23 64 14 . 4 29 13 13 11 . 1 Largest 2 | 2 . 2 2 2 . 2 2 2 2 2 . 2 Hottest 155 | 40 . 40 79 62 . 62 150 150 143 155 . 135 Shots Fired 342 | 8 . 46 123 28 . 8 56 26 23 22 . 2 Gun 163 | 8 . 46 60 14 . 4 2 12 10 7 . . Cannon 171 | . . . 58 14 . 4 53 14 11 15 . 2 Launcher 8 | . . . 5 . . . 1 . 2 . . . Special . | . . . . . . . . . . . . . Kinetic 181 | 8 . 46 89 28 . 8 2 . . . . . Thermal 110 | . . . 29 . . . 53 2 3 21 . 2 Explosive 3 | . . . . . . . 1 . 2 . . . Electromagnetic 48 | . . . 5 . . . . 24 18 1 . . Robot Hit Streak 15 | 2 . 7 9 10 . 9 7 10 15 11 . 12 Robot Miss Streak 6 | 2 . 5 6 3 . 2 2 1 4 2 . . Penetration Max . | . . . . . . . . . . . . . Secondary Targets 2 | . . 1 1 . . . . . . . . . Max Gunslinging Chain 1 | . . 1 1 . . . . . . . . . Shots Hit Robots 222 | 5 . 28 71 20 . 4 36 24 15 18 . 1 Core Hits 118 | 2 . 13 36 6 . 6 20 11 16 7 . 1 Critical Hits 4 | . . . . 2 . . 1 1 . . . . Critical Kills 1 | . . . . . . . . 1 . . . . Critical Parts Destroyed 3 | . . . . 2 . . 1 . . . . . Melee Attacks 17 | . . . . 4 . . . 13 . . . . Impact . | . . . . . . . . . . . . . Slashing 17 | . . . . 4 . . . 13 . . . . Piercing . | . . . . . . . . . . . . . Sneak Attacks 1 | . . . . . . . . 1 . . . . Combat Hostiles . | . . . . . . . . . . . . . Follow-up Attacks . | . . . . . . . . . . . . . Damage Inflicted 5781 | 58 . 313 1523 352 . 128 1205 714 1065 398 . 25 Guns 1545 | 58 . 313 596 122 . 47 11 147 128 123 . . Cannons 2806 | . . . 715 230 . 81 1025 250 205 275 . 25 Explosions 1086 | . . . 212 . . . 142 . 732 . . . Melee 317 | . . . . . . . . 317 . . . . Ramming 27 | . . . . . . . 27 . . . . . Kinetic 1929 | 58 . 313 1067 352 . 128 11 . . . . . Thermal 2065 | . . . 244 . . . 1025 25 348 398 . 25 Explosive 600 | . . . . . . . 142 . 458 . . . Electromagnetic 843 | . . . 212 . . . . 372 259 . . . Impact . | . . . . . . . . . . . . . Slashing 317 | . . . . . . . . 317 . . . . Piercing . | . . . . . . . . . . . . . Highest Corruption 6 | . . . . . . . . 6 6 6 6 6 Average Corruption 5 | . . . . . . . . 5 6 6 6 6 Corruption Purged . | . . . . . . . . . . . . . Effects 54 | . . . . . . . . 20 22 10 . 2 Message Errors 14 | . . . . . . . . 6 7 . . 1 Matter Fused 14 | . . . . . . . . 5 7 1 . 1 Heat Flow Errors 5 | . . . . . . . . 2 2 1 . . Energy Discharges 7 | . . . . . . . . 1 2 4 . . Parts Rejected 1 | . . . . . . . . . 1 . . . Data Loss (minor) 5 | . . . . . . . . 3 1 1 . . Data Loss (major) 4 | . . . . . . . . 3 1 . . . Misfires 2 | . . . . . . . . . . 2 . . Targeting Errors 1 | . . . . . . . . . 1 . . . Weapon Failures 1 | . . . . . . . . . . 1 . . Overload Shots . | . . . . . . . . . . . . . Overflow Damage 120 | . . . . 17 . . 10 28 48 17 . . Projectiles 56 | . . . . 17 . . 10 . 12 17 . . Explosions 36 | . . . . . . . . . 36 . . . Melee 28 | . . . . . . . . 28 . . . . Knockbacks 4 | . . . 2 2 . . . . . . . . Impact . | . . . . . . . . . . . . . Kinetic 4 | . . . 2 2 . . . . . . . . Secondary . | . . . . . . . . . . . . . Self-Inflicted Damage 65 | . . . . . . . . . 65 . . . Shots 2 | . . . . . . . . . 2 . . . Rammed . | . . . . . . . . . . . . . Targets Rammed 1 | . . . . . . . 1 . . . . . Kicked 1 | . . . . . . . 1 . . . . . Crushed . | . . . . . . . . . . . . . Highest Temperature 379 | . . 8 150 . . . 318 170 256 379 . 12 Average Temperature 81 | . . 4 38 . . . 114 44 89 178 . 8 Received Heat Transfer 1062 | . . 126 150 57 . 36 189 81 171 252 . . Siege Activations . | . . . . . . . . . . . . . Robots Corrupted 2 | . . . . . . . . 1 1 . . . Combat Hostiles 2 | . . . . . . . . 1 1 . . . Parts Fried 7 | . . . . . . . . 7 . . . . Impact Corruptions . | . . . . . . . . . . . . . Robots Melted . | . . . . . . . . . . . . . Combat Hostiles . | . . . . . . . . . . . . . Parts Melted 4 | . . . . . . . 3 . . 1 . . Heat Transferred 3277 | . . . 629 . . . 1517 37 375 682 . 37 Parts Sabotaged . | . . . . . . . . . . . . . Parts Stolen . | . . . . . . . . . . . . . Parts Stripped . | . . . . . . . . . . . . . Power Chain Reactions 4 | . . . 2 . . . . . 2 . . . Missiles Intercepted . | . . . . . . . . . . . . . Alert | -11 -10 -10 -9 -9 -9 -8 -8 -7 -7 -7 -7 -6 ------- Run | Scr Mat Min Mat Min Exi Min Mat Fac Low Low Dat Pro Peak Influence 442 | 5 10 183 442 284 . 52 298 177 . . . . Average Influence 127 | 1 8 152 207 147 . 46 75 91 . . . . Maximum Alert Level 2 | . . . 2 1 . . 1 . . . . . Low Security (%) 77 | 100 100 100 34 73 . 100 86 100 . . . . Level 1 21 | . . . 62 26 . . 13 . . . . . Level 2 . | . . . 2 . . . . . . . . . Level 3 . | . . . . . . . . . . . . . Level 4 . | . . . . . . . . . . . . . Level 5 . | . . . . . . . . . . . . . High Security . | . . . . . . . . . . . . . Max Security . | . . . . . . . . . . . . . Squads Dispatched 7 | . . . 1 . . . 3 3 . . . . Investigation 1 | . . . . . . . 1 . . . . . Extermination 1 | . . . . . . . . 1 . . . . Reinforcement 4 | . . . 1 . . . 1 2 . . . . Assault . | . . . . . . . . . . . . . Garrison 1 | . . . . . . . 1 . . . . . Intercept . | . . . . . . . . . . . . . Construction Impeded . | . . . . . . . . . . . . . Haulers Reinforced . | . . . . . . . . . . . . . Stealth | -11 -10 -10 -9 -9 -9 -8 -8 -7 -7 -7 -7 -6 --------- Run | Scr Mat Min Mat Min Exi Min Mat Fac Low Low Dat Pro Distress Signals 2 | . . . 1 . . . 1 . . . . . Communications Jammed . | . . . . . . . . . . . . . Distress Signals . | . . . . . . . . . . . . . Times Spotted 99 | . . 10 28 11 . 3 20 9 10 3 . 5 Peak Tracking Total 17 | . . 17 5 3 . 3 5 4 4 3 . 7 Tactical Retreats 9 | . . 1 . 4 . . 2 1 1 . . . Traps | -11 -10 -10 -9 -9 -9 -8 -8 -7 -7 -7 -7 -6 ------- Run | Scr Mat Min Mat Min Exi Min Mat Fac Low Low Dat Pro Traps Triggered 5 | . . . 2 . . . 1 2 . . . . Indirectly . | . . . . . . . . . . . . . Trap Hack Attempts . | . . . . . . . . . . . . . Triggered . | . . . . . . . . . . . . . Disarmed . | . . . . . . . . . . . . . Reprogrammed . | . . . . . . . . . . . . . Reused . | . . . . . . . . . . . . . Traps Extracted . | . . . . . . . . . . . . . Installed . | . . . . . . . . . . . . . Triggered . | . . . . . . . . . . . . . Machines | -11 -10 -10 -9 -9 -9 -8 -8 -7 -7 -7 -7 -6 ---------- Run | Scr Mat Min Mat Min Exi Min Mat Fac Low Low Dat Pro Machines Disabled 1 | . . . . . . . . 1 . . . . Max in Single Turn 1 | . . . . . . . . 1 . . . . Machines Sabotaged . | . . . . . . . . . . . . . Garrisons Compromised . | . . . . . . . . . . . . . Overloaded Fab Kills . | . . . . . . . . . . . . . Fab Network Shutdowns . | . . . . . . . . . . . . . Hacking | -11 -10 -10 -9 -9 -9 -8 -8 -7 -7 -7 -7 -6 --------- Run | Scr Mat Min Mat Min Exi Min Mat Fac Low Low Dat Pro Machines Accessed 17 | . 1 . 5 . 2 . 2 2 . 1 4 . Terminals 9 | . 1 . 4 . . . 2 2 . . . . Fabricators . | . . . . . . . . . . . . . Repair Stations 1 | . . . 1 . . . . . . . . . Recycling Units . | . . . . . . . . . . . . . Scanalyzers . | . . . . . . . . . . . . . Garrison Access . | . . . . . . . . . . . . . Total Hacks 57 | . 5 . 13 . 3 . 7 5 . 1 23 . Successful 42 | . 3 . 7 . 3 . 3 2 . 1 23 . Failed 15 | . 2 . 6 . . . 4 3 . . . . Catastrophic 1 | . . . . . . . . 1 . . . . Database Lockouts . | . . . . . . . . . . . . . Manual 16 | . 1 . 9 . . . 5 1 . . . . Terminals 28 | . 5 . 11 . . . 7 5 . . . . Fabricators . | . . . . . . . . . . . . . Repair Stations 2 | . . . 2 . . . . . . . . . Recycling Units . | . . . . . . . . . . . . . Scanalyzers . | . . . . . . . . . . . . . Garrison Access . | . . . . . . . . . . . . . Terminal Hacks 34 | . 2 . 1 . 3 . 2 2 . 1 23 . Record 14 | . . . . . 3 . . . . . 11 . Part Schematic 4 | . . . . . . . . . . . 4 . Robot Schematic 5 | . . . . . . . . . . . 5 . Prototype ID Bank 4 | . . . . . . . . 1 . . 3 . Open Door 1 | . . . . . . . . . . 1 . . Branch Access Points 3 | . 1 . . . . . 1 1 . . . . Terminal Index 1 | . . . . . . . 1 . . . . . Locate Traps 1 | . 1 . . . . . . . . . . . Zone Layout 1 | . . . 1 . . . . . . . . . Fabricator Hacks . | . . . . . . . . . . . . . Repair Station Hacks 2 | . . . 2 . . . . . . . . . Scan Component 1 | . . . 1 . . . . . . . . . Repair 1 | . . . 1 . . . . . . . . . Recycling Unit Hacks . | . . . . . . . . . . . . . Scanalyzer . | . . . . . . . . . . . . . Garrison Access Hacks . | . . . . . . . . . . . . . Unauthorized Hacks 16 | . 2 . 9 . . . 5 . . . . . Terminals 6 | . 1 . 4 . . . 1 . . . . . Botnet 6 | . 1 . 4 . . . 1 . . . . . Fabricators . | . . . . . . . . . . . . . Repair Stations . | . . . . . . . . . . . . . Recycling Units . | . . . . . . . . . . . . . Scanalyzers . | . . . . . . . . . . . . . Garrison Access . | . . . . . . . . . . . . . Data Cores Recovered . | . . . . . . . . . . . . . Used . | . . . . . . . . . . . . . Hacking Detections 8 | . 1 . 4 . . . 2 1 . . . . Full Trace Events . | . . . . . . . . . . . . . Feedback Events . | . . . . . . . . . . . . . Feedback Blocked . | . . . . . . . . . . . . . Robot Schematics Acquired 5 | . . . . . . . . . . . 5 . Robots Built . | . . . . . . . . . . . . . Matter . | . . . . . . . . . . . . . Time . | . . . . . . . . . . . . . Total Robot Build Rating . | . . . . . . . . . . . . . Part Schematics Acquired 4 | . . . . . . . . . . . 4 . Parts Built . | . . . . . . . . . . . . . Matter . | . . . . . . . . . . . . . Time . | . . . . . . . . . . . . . Total Part Build Rating . | . . . . . . . . . . . . . Parts Repaired 1 | . . . 1 . . . . . . . . . Time 38 | . . . 38 . . . . . . . . . Parts Recycled . | . . . . . . . . . . . . . Recycled Matter . | . . . . . . . . . . . . . Retrieved Matter . | . . . . . . . . . . . . . Retrieved Components . | . . . . . . . . . . . . . Parts Scanalyzed . | . . . . . . . . . . . . . Part Schematics Acquired . | . . . . . . . . . . . . . Parts Damaged . | . . . . . . . . . . . . . Bothacking | -11 -10 -10 -9 -9 -9 -8 -8 -7 -7 -7 -7 -6 ------------ Run | Scr Mat Min Mat Min Exi Min Mat Fac Low Low Dat Pro Used RIF Installer . | . . . . . . . . . . . . . Robots Hacked . | . . . . . . . . . . . . . Non-combat . | . . . . . . . . . . . . . Combat . | . . . . . . . . . . . . . Robot Hacks Applied . | . . . . . . . . . . . . . Relay Couplers Released . | . . . . . . . . . . . . . Robots Rewired . | . . . . . . . . . . . . . Allies Hacked . | . . . . . . . . . . . . . Hacks Repelled . | . . . . . . . . . . . . . Allies | -11 -10 -10 -9 -9 -9 -8 -8 -7 -7 -7 -7 -6 -------- Run | Scr Mat Min Mat Min Exi Min Mat Fac Low Low Dat Pro Total Allies 6 | . . . . 5 . . . . . . . 1 Largest Group 5 | . . . . 5 5 3 . . . . . 1 Highest-Rated Group 94 | . . . . 81 81 40 . . . . . 94 Highest-Rated Ally 94 | . . . . 31 31 16 . . . . . 94 Total Orders . | . . . . . . . . . . . . . Ally Attacks 30 | . . . . 17 . 13 . . . . . . Total Damage 294 | . . . . 149 . 145 . . . . . . Kills 2 | . . . . 2 . . . . . . . . Allies Corrupted . | . . . . . . . . . . . . . Allies Melted . | . . . . . . . . . . . . . Intel | -11 -10 -10 -9 -9 -9 -8 -8 -7 -7 -7 -7 -6 ------- Run | Scr Mat Min Mat Min Exi Min Mat Fac Low Low Dat Pro Robot Analysis Total . | . . . . . . . . . . . . . Derelict Logs Recovered 5 | . . 1 . 1 . . . . 2 1 . . Drone Launches . | . . . . . . . . . . . . . Drone Recoveries . | . . . . . . . . . . . . . Exploration | -11 -10 -10 -9 -9 -9 -8 -8 -7 -7 -7 -7 -6 ------------- Run | Scr Mat Min Mat Min Exi Min Mat Fac Low Low Dat Pro Turns Passed 5815 | 87 57 336 927 790 468 83 660 1147 653 374 139 94 Spaces Moved 2897 | 55 47 213 401 420 263 37 271 546 337 175 87 45 Core 4 | 4 . . . . . . . . . . . . Treads . | . . . . . . . . . . . . . Legs 2893 | 51 47 213 401 420 263 37 271 546 337 175 87 45 Wheels . | . . . . . . . . . . . . . Hover . | . . . . . . . . . . . . . Flight . | . . . . . . . . . . . . . Fastest Speed 50 | 50 120 120 120 155 155 185 180 180 180 183 160 190 Average Speed 170 | 114 120 120 157 170 176 185 185 186 180 186 160 190 Slowest Speed 210 | 120 120 120 180 185 185 185 210 210 180 190 190 190 Overloaded Moves . | . . . . . . . . . . . . . Propulsion Burnouts . | . . . . . . . . . . . . . Robots Hopped . | . . . . . . . . . . . . . Cave-ins Triggered . | . . . . . . . . . . . . . Exploration Rate (%) 35 | 4 11 52 36 69 64 12 33 22 58 30 63 10 Regions Visited 12 Branch Regions 8 Pre-discovered Areas 3 | . . . . 1 1 . . . . . 1 . Known Exits Taken 2 | . 1 . . . . . . 1 . . . . Unknown Exits Taken 10 | 1 . 1 1 1 1 1 1 . 1 1 1 . Scrap Searched 7 | . . 1 . 1 . . . . . 3 . 2 Spaces Dug 18 | . . . . 3 . . 8 7 . . . . Terrain Destroyed 79 | . . . 8 3 . . 16 7 45 . . . Melee 10 | . . . . 3 . . . 7 . . . . Projectile 12 | . . . 4 . . . 8 . . . . . AOE 57 | . . . 4 . . . 8 . 45 . . . Actions | -11 -10 -10 -9 -9 -9 -8 -8 -7 -7 -7 -7 -6 --------- Run | Scr Mat Min Mat Min Exi Min Mat Fac Low Low Dat Pro Total 3409 | 68 47 248 573 458 269 43 373 635 358 198 88 51 Wait 107 | . . 6 43 16 2 . 28 11 1 . . . Move 2885 | 54 46 212 400 419 262 36 270 545 336 174 86 45 Hop . | . . . . . . . . . . . . . Pick Up 72 | 4 1 2 23 1 2 . 19 15 . 3 . 2 Fast Attach 22 | 6 . . 12 . . . 1 2 1 . . . Attach 19 | . . 1 4 . . . 2 3 2 5 . 2 Detach 2 | . . . . . . . . . . . 2 . Swap 52 | . . 2 10 3 1 2 12 13 3 5 . 1 Drop 54 | . . 2 17 1 2 1 11 20 . . . . Fire 176 | 4 . 23 64 14 . 4 29 13 13 11 . 1 Melee 17 | . . . . 4 . . . 13 . . . . Ram . | . . . . . . . . . . . . . Kick 1 | . . . . . . . 1 . . . . . Crush . | . . . . . . . . . . . . . Escape Stasis . | . . . . . . . . . . . . . Rewire 2 | . . . . . . . . . 2 . . . Trap . | . . . . . . . . . . . . . Miscellaneous . | . . . . . . . . . . . . . Route ------- -11/Scrapyard -10/Materials (discovered 2 exits: *Min x2) -10/Mines -9/Materials (discovered 2 exits: [*Min] / [*Sto]) -9/Mines (discovered 3 exits: *Mat x2 / *Exi) -9/Exiles -8/Mines -8/Materials -7/Factory (discovered 3 exits: *Fac / *Low x2) -7/Lower Caves -7/Lower Caves -7/Data Miner -6/Proximity Caves History --------- Turn | Location | Event 30 | -11/Scrapyard | Discovered new exit (range 15) 88 | -11/Scrapyard | Entered Materials 97 | -10/Materials | Identified exit to Mines 145 | -10/Materials | Entered Mines 303 | -10/Mines | Build established: Mutant 331 | -10/Mines | Assembled infested the area 336 | -10/Mines | Assisted by a Guerilla fighting off Assembled 407 | -10/Mines | Learned 2 Materials zone layouts 463 | -10/Mines | Discovered new exit (range 16) 481 | -10/Mines | Entered Materials 481 | -9/Materials | Evolved 2 slots: Utility x2 1172 | -9/Materials | Discovered new exit (range 7) 1320 | -9/Materials | Repaired Titanium Leg 1338 | -9/Materials | Discovered new exit (range 7) 1408 | -9/Materials | Entered Mines 1724 | -9/Mines | Discovered new exit (range 7) 1738 | -9/Mines | Assisted by bots powering up and referring to "LRC-V3" 2143 | -9/Mines | Discovered new exit (range 15) 2177 | -9/Mines | Deemed a non-threat by the Exiles lab entrance 2177 | -9/Mines | Discovered new exit (range 5) 2198 | -9/Mines | Entered Exiles 2198 | -9/Exiles | Accompanied by 5 allies 2228 | -9/Exiles | Led the pair of lost Derelicts to a safe place 2237 | -9/Exiles | Met 8R-AWN 2262 | -9/Exiles | Met EX-HEX 2357 | -9/Exiles | Met EX-DEC 2484 | -9/Exiles | Learned location of Zion (-6) 2521 | -9/Exiles | Met EX-BIN 2620 | -9/Exiles | Build established: Hauler-Mutant 2647 | -9/Exiles | Discovered new exit (range 10) 2666 | -9/Exiles | Entered Mines 2666 | -8/Mines | Accompanied by 3 allies 2734 | -8/Mines | Discovered new exit (range 9) 2749 | -8/Mines | Entered Materials 2749 | -8/Materials | Evolved 2 slots: Propulsion x1, Utility x1 3361 | -8/Materials | Discovered new exit (range 10) 3391 | -8/Materials | Garrison activated, responded to threat 3409 | -8/Materials | Entered Factory 3409 | -7/Factory | Evolved 2 slots: Power x1, Utility x1 4084 | -7/Factory | Discovered new exit (range 5) 4094 | -7/Factory | Identified exit to Factory 4254 | -7/Factory | Identified exit to Lower Caves 4556 | -7/Factory | Entered Lower Caves 4897 | -7/Lower Caves | Learned Factory trap positions 5012 | -7/Lower Caves | Encountered a Warlord checkpoint 5077 | -7/Lower Caves | Discovered new exit (range 11) 5176 | -7/Lower Caves | Learned Factory terminal intel 5209 | -7/Lower Caves | Entered another Lower Caves area 5272 | -7/Lower Caves | Lost 5 parts (1p1n1u2w) 5405 | -7/Lower Caves | Learned Factory terminal intel 5573 | -7/Lower Caves | Discovered new exit (range 5) 5583 | -7/Lower Caves | Entered Data Miner 5583 | -7/Data Miner | Discovered new exit (range 6) 5615 | -7/Data Miner | Met Data Miner 5657 | -7/Data Miner | Acquired the access code to Warlord's prototype stash 5657 | -7/Data Miner | Learned location of Section 7 (-2) 5681 | -7/Data Miner | Received God Mode back door access code from Data Miner 5722 | -7/Data Miner | Entered Proximity Caves 5812 | -6/Proximity Caves | Escorted by Enhanced Grunt 5816 | -6/Proximity Caves | Self-destructed Last Messages --------------- GOAL=ESCAPE 05737_ Searching scrap... 05737_ Found 43 Matter. 05737_ Found Armor Integrity Analyzer. 05737_ Found Med. Battery. 05737_ Found Nuclear Pulse Thruster. 05738_ Acquired 30 matter. 05755_ QP&RCTCK1TFLN9O/058CEQHNF5E: 05762_ Acquired Armor Integrity Analyzer. 05799_ Searching scrap... 05799_ Found 21 Matter. 05799_ Found Imp. Medium Armor Plating. 05799_ Found Armor Integrity Analyzer. 05799_ Found Targeting Computer. 05803_ Acquired Imp. Medium Armor Plating. 05804_ System corrupted: Matter fused (-7). 05812_ Enhanced Grunt: "Protecting LRC-V3." 05812_ Lgt. Nuclear Core destroyed. 05813_ S-27 Virus destroyed. 05814_ Hvy. Particle Cannon destroyed. Map ----- +----------------------------------------------------+ | ?????????????????????????????????????????????????? | | ?????????????????????????????????????????????????? | | ?????????????????????????????????????????????????? | | ?????????????????????????????????????????????????? | | ?????????????????????????????????????????????????? | | ???????????????????????? ????????????????????????? | | ???????????????????????? ????????????????????????? | | ???????????????????????? ????????????????????????? | | ??????????????????????## ???? ?????????????????? | | ?????????????????????? ??? ??????????????????? | | ???????? ????????????? ??? ???????????????????? | | ???? ? ????????????? #?? ???????????????????? | | ??? #???????????? ### ????????????????????? | | ???? ????????????# ?????????????????????? | | ????# ##?????????## ??????????????????????? | | ??### ?????????## ??????????????????????? | | ### ?????????# ???????????????????????? | | ?????????? ????????????????????????? | | ??????????# #??????????? #??????????? | | #??????# ###! #????????? #??????????? | | #??????# !% #???????? ??????????? | | ############ ##????? %[s ???????????? | | ????# ## ## ##??# *ss#?????????????? | | ????# g ## #??????????????? | | ????## #### #??????????????? | | ?????# ####?# @ #???????????? | | ?????# #????## #??????????? | | ?????## ##????## # #?????????? | | ?????## ! ###???###### ## #?????????? | | ?????# %= #????????### #?# #?????????? | | ?????# ##???????????s #?? ## ??????????? | | ?????# # ###???????????? ??#?? ??????????? | | ?????# ####?????????????? ??????????????????? | | ?????# #????????????????? ####?????????????????? | | ?????# #????????????????? ##????????????????????? | | ??#### ##???????????????? #?????????????????????? | | ??# #????????????????##?????????????????????? | | # #???????????????????????????????????????? | | ####???????????????????????????????????????? | | ???????????????????????????????????????????? | | ## ???????????????????????????????????????????? | | ?## ???????????????????????????????????????????? | | ??## ???????????????????????????????????????????? | | ???###???????????????????????????????????????????? | | ?????????????????????????????????????????????????? | | ?????????????????????????????????????????????????? | | ?????????????????????????????????????????????????? | | ?????????????????????????????????????????????????? | | ?????????????????????????????????????????????????? | | ?????????????????????????????????????????????????? | +----------------------------------------------------+ Best States ------------- Heat Dissipation 62 Energy Generation 24 Energy Capacity 340 Matter Stores 300 Matter Capacity 300 Sight Range 16 Terrain Scan Density 10 Armor Coverage 225 Resistance: KI 30 Resistance: TH 10 Core Shielding 20 Utility Shielding 66 Evasion (%) 40 Targeting Accuracy 8 Recoil Reduction 4 Item Schematics ----------------- Lgt. Regenerative Plating | -7/Data Miner | Free Combat Drone Bay | -7/Data Miner | Free Exp. Cesium-ion Thruster | -7/Data Miner | Free Exp. Terrain Scanner | -7/Data Miner | Free Robot Schematics ------------------ S-27 Virus | -7/Data Miner | Free G-50 Soldier | -7/Data Miner | Free H-66 Slayer | -7/Data Miner | Free L-41 Fighter | -7/Data Miner | Free I-36 Angel | -7/Data Miner | Free Fabricated ------------ Nothing Alien Tech Used ----------------- None Achievements -------------- None Challenges ------------ None Game ------ Seed TeslaAlphaStreamer Manual? 0 Play Time 00:25:00 Cumulative 408.6 hours Start 2019.12.28 @ 12:51:52 End 2019.12.28 @ 13:16:40 Sessions 1 Manual Loads 0 Difficulty Rogue Special Mode None Game No. 723 Rogue 723 Adventurer 0 Explorer 0 Win Type - Total 29 Types 22/0/3/3/1/0/0 Lore% 93 Gallery% 91 Achievement% 80 Wizard Run 0 Options --------- ASCII 1 Keyboard 0 Movement Numpad Keybinds 0 Fullscreen 0 Font 14/SmallcapsGlow Map View 76x50 Tactical HUD 1 Map Filters NONE Filters NONE Steam 1 RUN: 15274d88-e11c-4bf4-a534-6a7071c83e7c